 Dungeon Crawl Stone Soup version 0.29-a0-275-g389c0b56f3 (webtiles) character file.

Game seed: 1386855598305732832

156 HotDog the Covered (level 5, -8/33 HPs)
             Began as a Gargoyle Fighter on Mar 11, 2022.
             Mangled by an iguana (11 damage)
             ... on level 4 of the Dungeon.
             The game lasted 00:03:20 (3354 turns).

HotDog the Covered (Gargoyle Fighter)               Turns: 3354, Time: 00:03:20

Health: -8/33      AC: 15    Str: 22    XL:     5   Next: 37%
Magic:  5/5        EV:  7    Int: 14    God:
Gold:   80         SH:  4    Dex:  9    Spells: 4/4 levels left

rFire   . . .      SeeInvis .   k - +0 whip (freeze)
rCold   + + .      Faith    .   c - +0 buckler
rNeg    + . .      Spirit   .   o - +2 chain mail
rPois   ∞          Reflect  .   (no helmet)
rElec   +          Harm     .   (no cloak)
rCorr   .          Rampage  .   (no gloves)
Will    .....                   (no boots)
Stlth   ..........              (no amulet)
HPRegen 0.11/turn               e - ring of the Camelopard {rC++ Int+6}
MPRegen 0.09/turn               b - ring of flight

@: flying
A: sickness immunity, AC +4, negative energy resistance 1, electricity
resistance, torment resistance 1, petrification resistance
a: no special abilities


You were on level 4 of the Dungeon.
You visited 1 branch of the dungeon, and saw 4 of its levels.

You collected 80 gold pieces.

Inventory:

Hand Weapons
 a - a +0 flail
 k - a +0 whip of freezing (weapon)
Armour
 c - a +0 buckler (worn)
 o - a +2 chain mail (worn)
Jewellery
 b - a ring of flight (right hand)
 e - the ring of the Camelopard (left hand) {rC++ Int+6}
   (You found it on level 2 of the Dungeon)

   [ring of intelligence]

   Int:       It affects your intelligence (+6).
   rC:        It greatly protects you from cold.
Scrolls
 j - a scroll of fog {unknown}
 l - a scroll of enchant armour
 m - a scroll of immolation {unknown}
 n - a scroll of teleportation {unknown}
Potions
 d - a potion of might
 f - 2 potions of curing
 g - a potion of brilliance {unknown}
 h - a potion of attraction {unknown}
 i - a potion of haste {unknown}


   Skills:
 * Level 3.7 Fighting
 * Level 3.5 Maces & Flails
 * Level 4.1 Armour
 * Level 0.7 Dodging
 * Level 3.9 Shields
 * Level 1.2 Invocations


You had 4 spell levels left.
You didn't know any spells.
Your spell library contained the following spells:

 Spells                   Type           Power      Damage    Failure   Level
 Animate Skeleton         Necr           0%         N/A       97%         1
 Pain                     Necr           0%         1d4       97%         1
 Sting                    Tmut/Pois      0%         1d3       97%         1
 Poisonous Vapours        Pois/Air       0%         N/A       99%         2
 Vampiric Draining        Necr           0%         2d6       100%        3
 Olgreb's Toxic Radiance  Pois           0%         N/A       100%        4


Dungeon Overview and Level Annotations

Branches:
Dungeon (4/15)
 Temple: D:4-7

Altars:


Innate Abilities, Weirdness & Mutations

You are immune to sickness and miasma.
Your stone body is resilient. (AC +4)
You are immune to poison.
You resist negative energy. (rN+)
You are resistant to electric shocks. (rElec)
You are resistant to unholy torment.
You are immune to petrification.


Message History

The iguana bites you but does no damage.
You hit the iguana.
The iguana seems to slow down.
You freeze the iguana.
The iguana is heavily wounded.
The iguana barely misses you.
You barely miss the iguana.
The iguana is heavily wounded.
You hit the iguana but do no damage.
The iguana is heavily wounded.
The iguana bites you!
* * * LOW HITPOINT WARNING * * *
You hit the iguana. You freeze the iguana.
The iguana is heavily wounded.
The iguana bites you but does no damage.
You hit the iguana. You freeze the iguana.
The iguana is almost dead.
The iguana is no longer moving slowly.
You closely miss the iguana.
The iguana is almost dead.
The iguana bites you.
* * * LOW HITPOINT WARNING * * *
You completely miss the iguana.
The iguana is almost dead.
You block the iguana's attack.
You barely miss the iguana.
The iguana is almost dead.
The iguana bites you but does no damage.
You barely miss the iguana.
The iguana is almost dead.
The iguana bites you but does no damage.
You barely miss the iguana.
The iguana is almost dead.
The iguana bites you.
* * * LOW HITPOINT WARNING * * *
You closely miss the iguana.
The iguana is almost dead.
You block the iguana's attack.
You barely miss the iguana.
The iguana is almost dead.
The iguana bites you!
You die...

#...... .....
#...###.## #......>..
#.# #.# #.# #l# #@#
#.# #.### #.#.##
#....## #####
#####.....## ##...##
...........#####.....#
###..................#
##......######.....#


You could see an iguana.

Vanquished Creatures
  2 jellies (D:2)
  An iguana (D:4)
  A worm (D:2)
  A dart slug (D:2)
  2 bats (D:2)
  14 endoplasms
  7 goblins
  5 hobgoblins
  5 jackals
  A quokka (D:2)
  3 ball pythons
  2 frilled lizards (D:1)
  14 kobolds
  6 rats (D:1)
64 creatures vanquished.

Vanquished Creatures (others)
  6 fungi (D:2)
  2 plants (D:1)
  8 toadstools (D:2)
16 creatures vanquished.

Grand Total: 80 creatures vanquished

Notes
Turn   | Place    | Note
-------+----------+-------------------------------------------
     0 | D:1      | HotDog the Gargoyle Fighter began the quest for the Orb.
     0 | D:1      | Reached XP level 1. HP: 14/14 MP: 1/1
   219 | D:1      | Reached XP level 2. HP: 19/19 MP: 2/2
  1107 | D:1      | Reached XP level 3. HP: 10/23 MP: 3/3
  1953 | D:2      | Reached XP level 4. HP: 9/29 MP: 4/4
  2315 | D:2      | Reached skill level 1 in Invocations
  2768 | D:2      | Reached skill level 4 in Armour
  2914 | D:2      | Reached XP level 5. HP: 17/33 MP: 5/5
  3058 | D:2      | Identified the ring of the Camelopard {rC++ Int+6}
  3354 | D:4      | Mangled by an iguana

Illustrated notes

Levels and vault maps discovered:
D:1:      dpeg_arrival_rooms_c, layout_loops_corners, serial_forest,
          infiniplex_forest_lined_room_3, infiniplex_forest_clump_double,
          infiniplex_forest_clump_long, infiniplex_forest_straight_2,
          infiniplex_forest_end_2, infiniplex_forest_end_2,
          infiniplex_forest_straight_5, infiniplex_forest_clump_cross
D:2:      cheibrodos_fertilizer, layout_loops_corners
D:3:      layout_loops_ring, mainiacjoe_overflow_chevrons,
          nicolae_concentric_dashed_squares_wild, grunt_ministairs_6
D:4:      layout_loops_corners, minmay_misc_feat_nine_boxes

Skill      XL: |  1  2  3  4 |
---------------+-------------+-----
Invocations    | 1 |  1.2
Maces & Flails | 3 |  3.5
Armour         | 4 |  4.1
Fighting       | |  3.7
Dodging        | |  0.7
Shields        | |  3.9

Action                   |  1- 3 |  4- 6 || total
-------------------------+-------+-------++-------
Melee: Flail             |    47 |       ||    47
       Whip              |    74 |    98 ||   172
  Use: Scroll            |     1 |     5 ||     6
       Potion            |       |     1 ||     1
Armor: Scale mail        |    68 |    14 ||    82
       Chain mail        |       |    28 ||    28
Dodge: Dodged            |    58 |    32 ||    90
Block: Buckler           |    35 |    20 ||    55

Table legend: (Time is in decaauts)
 A = Elapsed time spent in this place.
 B = Non-inter-level travel time spent in this place.
 C = Inter-level travel time spent in this place.
 D = Time resting spent in this place.
 E = Time spent auto-exploring this place.
 F = Levels seen in this place.
 G = Mean time per level.
                   A        B        C        D        E       F      G
               +--------+--------+--------+--------+--------+-----+--------+
         Total |   3368 |   3222 |    146 |     74 |   2657 |   4 |  842.0 |
       Dungeon |   3368 |   3222 |    146 |     74 |   2657 |   4 |  842.0 |
               +--------+--------+--------+--------+--------+-----+--------+

Top non-repeatable levels by time:
     D:1: 1569 daAuts
     D:2: 1557 daAuts
     D:3: 153 daAuts
     D:4: 87 daAuts
